 Dungeon Crawl Stone Soup version 0.29.1-13-g9f3cf754e1 (webtiles) character file.

Game seed: 15411725085182840451

245 Damy the Chopper (level 5, 0/48 HPs)
             Began as a Minotaur Berserker on Feb 4, 2023.
             Was a Believer of Trog.
             Slain by an iguana (9 damage)
             ... on level 4 of the Dungeon.
             The game lasted 00:07:25 (4273 turns).

Damy the Chopper (Minotaur Berserker)               Turns: 4273, Time: 00:07:26

Health: 0/48       AC:  9    Str: 29    XL:     5   Next: 84%
Magic:  4/4        EV:  9    Int:  4    God:    Trog [**....]
Gold:   222        SH:  3    Dex: 10    Spells: 4/4 levels left

rFire   . . .      SeeInvis .   a - +0 war axe
rCold   . . .      Faith    .   v - +0 buckler
rNeg    . . .      Spirit   .   u - +0 chain mail
rPois   .          Reflect  .   (helmet restricted)
rElec   .          Harm     .   (no cloak)
rCorr   .          Rampage  .   (no gloves)
Will    .....                   (no boots)
Stlth   ..........              (no amulet)
HPRegen 0.16/turn               q - +6 ring of strength
MPRegen 0.09/turn               (no ring)

@: no status effects
A: horns 2, retaliatory headbutt
a: Renounce Religion, Berserk, Trog's Hand


You were on level 4 of the Dungeon.
You worshipped Trog.
Trog was pleased with you.
You visited 1 branch of the dungeon, and saw 4 of its levels.

You collected 222 gold pieces.

Inventory:

Hand Weapons
 a - a +0 war axe (weapon)
Missiles
 e - 35 stones (quivered)
 n - 5 datura-tipped darts
 p - 6 boomerangs
 s - 7 poisoned darts
Armour
 u - a +0 chain mail (worn)
 v - a +0 buckler (worn)
Jewellery
 q - a +6 ring of strength (left hand)
Scrolls
 c - 5 scrolls of identify {unknown}
 d - a scroll of brand weapon {unknown}
 g - a scroll of poison {unknown}
 h - a scroll of enchant weapon {unknown}
 i - a scroll of blinking {unknown}
 k - a scroll of magic mapping {unknown}
 l - a scroll of enchant armour {unknown}
 w - a scroll of fear {unknown}
 y - a scroll of amnesia {unknown}
Potions
 b - a potion of resistance {unknown}
 f - a potion of ambrosia {unknown}
 j - a potion of degeneration {unknown}
 m - a potion of attraction {unknown}
 o - 2 potions of magic {unknown}
 r - a potion of invisibility {unknown}
 t - a potion of curing {unknown}
 x - a potion of mutation {unknown}
 z - 2 potions of cancellation {unknown}
 A - a potion of haste {unknown}


   Skills:
 + Level 5.1 Fighting
 + Level 6.0 Axes
 + Level 3.6 Armour
 + Level 2.9 Dodging
 + Level 0.1 Stealth


You had 4 spell levels left.
You didn't know any spells.
Your spell library was empty.

Dungeon Overview and Level Annotations

Branches:
Dungeon (4/15)
 Temple: D:4-7

Altars:
Elyvilon
Sif Muna

Shops:
D:3 [


Innate Abilities, Weirdness & Mutations

You have a pair of horns on your head.
You reflexively headbutt those who attack you in melee.


Message History

You hit the jackal.
The jackal is severely wounded.
The jackal barely misses you. You furiously retaliate!
You headbutt the jackal.
You kill the jackal!
Trog accepts your kill.
You see here a jackal corpse.
y - a scroll labelled PUR QIOMNOUTE You start resting.
A jackal comes into view.
A jackal is nearby!
Found a club.
The jackal barks!
The jackal barely misses you. x2; You furiously retaliate!
You headbutt the jackal.
You kill the jackal!
Trog accepts your kill.
No target in view!
No target in view!
An iguana comes into view.
You see here a jackal corpse.
You closely miss the iguana.
An iguana comes into view.
The iguana bites you but does no damage.
The iguana barely misses you.
You hit the iguana but do no damage. The iguana bites you.
You barely miss the iguana. The iguana closely misses you.
You completely miss the iguana. Your headbutt misses the iguana.
The iguana bites you but does no damage.
You barely miss the iguana. The iguana bites you! x2
You are too injured to fight recklessly!
You are too injured to fight recklessly!
You fail to use your ability.
The iguana barely misses you. The iguana bites you!
* * * LOW HITPOINT WARNING * * *
You barely miss the iguana. x2; The iguana barely misses you.
The iguana closely misses you.
You slash the iguana!
The iguana is severely wounded.
You barely miss the iguana. The iguana bites you!
You die...

.# ### ## .# #.. .#
.# #.. .## # .#
..## ##.. .# .#
#.## ##.####.#
.######..###)†....#
............)###†##
.....#########
#..#.# ..##.##
#@...# ###...##
#ll#.# ##.....##
#....# #.......##
#...## .........#
#..). #........#
#...#. .......#.#
#..#.## .#....##.#
#.#.##
.....###.#####


You could see 2 iguanas.

Vanquished Creatures
  A scorpion (D:4)
  A hound (D:3)
  An orc wizard (D:3)
  3 gnolls (D:4)
  3 adders
  2 worms
  3 dart slugs
  6 orcs (D:3)
  5 ball pythons
  6 bats
  3 endoplasms
  2 giant cockroaches (D:1)
  3 goblins
  8 hobgoblins
  2 jackals (D:4)
  A quokka (D:1)
  5 frilled lizards
  3 kobolds
  3 rats
  A butterfly (D:3)
62 creatures vanquished.

Notes
Turn   | Place    | Note
-------+----------+-------------------------------------------
     0 | D:1      | Damy the Minotaur Berserker began the quest for the Orb.
     0 | D:1      | Reached XP level 1. HP: 19/19 MP: 0/0
   340 | D:1      | Reached skill level 4 in Axes
   340 | D:1      | Reached XP level 2. HP: 21/27 MP: 1/1
  1116 | D:1      | Found a faded altar of an unknown god.
  1134 | D:1      | Found a faded altar of an unknown god.
  2062 | D:3      | Reached XP level 3. HP: 18/33 MP: 2/2
  2490 | D:3      | Found a white marble altar of Elyvilon.
  2571 | D:3      | Found Puinu's Armour Emporium.
  3116 | D:3      | Reached XP level 4. HP: 41/41 MP: 3/3
  3127 | D:3      | Reached skill level 5 in Axes
  3301 | D:3      | Reached ** piety under Trog
  3306 | D:3      | Found a shimmering blue altar of Sif Muna.
  3879 | D:4      | Noticed a scorpion
  3890 | D:4      | Reached XP level 5. HP: 47/47 MP: 4/4
  3897 | D:4      | Reached skill level 5 in Fighting
  4196 | D:4      | Reached skill level 6 in Axes
  4273 | D:4      | Slain by an iguana

Illustrated notes

Levels and vault maps discovered:
D:1:      lemuel_arrival_lava_pool, layout_basic,
          hellmonk_ecumenical_altar_the_god_not_taken
D:2:      layout_loops_ring
D:3:      layout_basic, kennysheep_orc_sif_temple,
          nicolae_elyvilon_peaceful_grove, serial_shops, shop_statue,
          chequers_serial_rivers_small_b, minmay_misc_feat_roman,
          item_on_display_a
D:4:      layout_loops_ring, minmay_misc_feat_rugged

Skill      XL: |  1  2  3  4  5 |
---------------+----------------+-----
Axes           | 4 5 6 |  6.0
Fighting       | 4 5 |  5.1
Armour         | 3 |  3.6
Dodging        | |  2.9
Stealth        | |  0.1

Action                   |  1- 3 |  4- 6 || total
-------------------------+-------+-------++-------
Melee: Hand axe          |    36 |       ||    36
       Headbutt          |    12 |     6 ||    18
       War axe           |    48 |    61 ||   109
Armor: Animal skin       |     6 |       ||     6
       Scale mail        |    23 |       ||    23
       Chain mail        |     2 |    36 ||    38
Dodge: Dodged            |    52 |    24 ||    76
Block: Buckler           |       |     4 ||     4
